cohdb
Replays
Latest Replays
All Replays
Popular Replays
Top Player Replays
Match Explorer
How It Works
Community
CoH3 Stats
Reddit
Sign in to upload your games and track your stats! →
Sign in with Steam
Match 25323461
Unlisted
Match 25323461
Overview
Messages
Build Orders
End
Construct Barracks
Selects Advanced Infantry Battlegroup
Riflemen Squad
M1 Mortar Team
Infantry Support Center
Riflemen Squad
Selects Convert to Ranger Squad
Convert to Ranger Squad
Advanced Logistics
Ranger Squad
Convert to Ranger Squad
Selects Frontline Medical Station
Frontline Medical Station
M1918 Browning Automatic Rifles
Construct Weapon Support Center
Riflemen Squad
Convert to Ranger Squad
Selects Ranger Weapon Training
Riflemen Squad
Convert to Ranger Squad
Improved M9 Bazooka Rockets
Selects Artillery Observers
Survival Training
Selects M2A1 105mm Howitzer Emplacement
Engineer Squad
tt4499
TidaL
SpartanGR
转生电子烟让丁真嗦我
Rothaus*
Fossiii
jja9597
everSNK
0
0
Comments
sign in to comment!
No comments posted yet!